AoeStats
← fire

Arena

509304902Analyzed
2v2 RM · 6d ago on Sep 26, 2026· 53m 43s· 4 players
Game mode
Random Map
Map size
Medium (4 player)
Population
200
Speed
Normal
Resources
Standard
Victory
Conquest
Starting age
Dark Age
Ending age
Imperial Age
RankedLock teamsTeams togetherTeam positionsShared explorationLock speedFull tech treeHidden civsTurbo modeCheats
Victory
Defeat
🇧🇪 Huns · Belgium
1086
+15
🇪🇪 Vietnamese · Estonia
1032
+16
🇷🇺 Mongols · Russia
1087
-17
🇷🇺 Britons · Russia
1018
-14
Myrakaru
0:29 Loom
11:24 Feudal Age
11:46 Horse Collar
11:54 Double-Bit Axe
18:57 Castle Age
17:53 Fletching
18:04 Padded Archer Armor
18:56 Wheelbarrow
19:51 Heavy Plow
23:46 Gold Mining
26:41 Imperial Age
24:14 Elite Skirmisher
25:30 Bodkin Arrow
27:10 Ballistics
28:15 Crop Rotation
27:42 Imperial Skirmisher
29:41 Chemistry
30:15 Hand Cart
30:51 Bracer
32:29 Pikeman
33:09 Squires
36:33 Paper Money
42:38 Bow Saw
42:50 Leather Archer Armor
42:35 Scale Mail Armor
41:58 Halberdier
44:16 Scale Barding Armor
44:41 Ring Archer Armor
51:39 Chain Mail Armor
51:35 Forging
53:04 Murder Holes
54:13 Two-Man Saw
54:21 Bloodlines
54:12 Husbandry
Agrone
9:28 Feudal Age
10:42 Double-Bit Axe
10:39 Horse Collar
15:13 Forging
20:34 Castle Age
18:58 Scale Barding Armor
19:05 Gold Mining
20:35 Fletching
20:46 Padded Archer Armor
23:10 Light Cavalry
28:52 Wheelbarrow
29:14 Bloodlines
29:05 Husbandry
29:44 Iron Casting
29:04 Bodkin Arrow
29:26 Leather Archer Armor
29:32 Bow Saw
31:47 Ballistics
33:16 Chain Barding Armor
33:48 Hand Cart
35:13 Stone Mining
36:01 Gold Shaft Mining
39:03 Imperial Age
39:52 Elite Tarkan
40:52 Conscription
40:39 Bracer
41:40 Blast Furnace
41:16 Plate Barding Armor
42:35 Chemistry
41:51 Marauders
41:16 Heavy Cavalry Archer
42:31 Parthian Tactics
45:23 Hussar
50:40 Thumb Ring
fire
11:44 Feudal Age
12:46 Double-Bit Axe
15:31 Castle Age
13:51 Horse Collar
16:13 Fletching
16:27 Gold Mining
18:41 Bloodlines
23:45 Bodkin Arrow
26:03 Ballistics
29:41 Imperial Age
26:57 Loom
27:50 Padded Archer Armor
27:58 Husbandry
28:14 Light Cavalry
29:40 Wheelbarrow
29:49 Forging
31:14 Iron Casting
31:19 Scale Barding Armor
31:18 Town Watch
32:00 Bracer
34:01 Parthian Tactics
35:10 Chemistry
35:42 Conscription
36:34 Blast Furnace
35:56 Chain Barding Armor
36:26 Leather Archer Armor
37:25 Masonry
38:10 Hussar
40:30 Blast Furnace
44:01 Elite Mangudai
44:45 Capped Ram
46:39 Drill
46:32 Siege Ram
52:28 Squires
52:14 Arson
52:07 Pikeman
skvad
10:50 Feudal Age
16:14 Castle Age
15:26 Double-Bit Axe
15:24 Horse Collar
16:21 Gold Mining
17:45 Stone Mining
18:27 Bow Saw
19:16 Heavy Plow
24:34 Fletching
24:45 Padded Archer Armor
29:35 Imperial Age
28:56 Wheelbarrow
30:16 Ballistics
29:52 Murder Holes
32:14 Two-Man Saw
32:48 Gambesons
32:24 Man-at-Arms
35:35 Warwolf
35:35 Long Swordsman
36:44 Scale Mail Armor
36:37 Two-Handed Swordsman
37:41 Bodkin Arrow
38:02 Leather Archer Armor
39:40 Gold Shaft Mining
38:51 Champion
40:55 Bracer
42:17 Ring Archer Armor
44:07 Squires
43:53 Arson
45:48 Elite Longbowman
Connection lost

Rejoining the realm…

Still unreachable

The connection could not be restored.

Session expired

The server has moved on; the page needs a fresh start.